 Dungeon Crawl Stone Soup version 0.27.1 (webtiles) character file.

Game seed: 8062262521140181333

735 Destapler the Skirmisher (level 7, -5/44 HPs)
             Began as a Gargoyle Fighter on Aug 30, 2021.
             Was a Follower of Uskayaw.
             Slain by a wight (8 damage)
             ... on level 4 of the Dungeon.
             The game lasted 00:10:30 (4247 turns).

Destapler the Skirmisher (Gargoyle Fighter)         Turns: 4247, Time: 00:10:30

Health: -5/44      AC: 12    Str: 21 (23) XL:     7   Next: 74%
Magic:  1/7        EV:  7    Int:  6 (8)  God:    Uskayaw [*.....]
Gold:   142        SH: 10    Dex:  9 (10) Spells: 6/6 levels left

rFire    . . .     SeeInvis .   p - +0 whip (vamp)
rCold    . . .     Faith    .   c - +0 kite shield
rNeg     + . .     Spirit   .   b - +0 scale mail
rPois    ∞         Reflect  .   (helmet restricted)
rElec    +         Harm     .   (no cloak)
rCorr    .         Rampage  .   (no gloves)
Will     .....     Clarity  +   (no boots)
Stlth    ..........             (no amulet)
HPRegen  0.14/turn              (no ring)
MPRegen  0.10/turn              (no ring)

@: no status effects
A: sickness immunity, AC +4, negative energy resistance 1, electricity
resistance, torment resistance 1, petrification resistance, antennae 1, claws 1,
clarity, strong 1
a: Renounce Religion, Stomp


You were on level 4 of the Dungeon.
You worshipped Uskayaw.
Uskayaw was noncommittal.
You visited 1 branch of the dungeon, and saw 4 of its levels.

You collected 142 gold pieces.

Inventory:

Hand Weapons
 a - a +0 flail
 g - a +0 dagger of venom
 p - a +0 vampiric whip (weapon)
Missiles
 e - 9 boomerangs
 k - 48 poisoned darts (quivered)
Armour
 b - a +0 scale mail (worn)
 c - a +0 kite shield (worn)
 h - a +0 ring mail
 j - a +0 robe
Jewellery
 d - an amulet of faith
Scrolls
 f - 3 scrolls of identify {unknown}
 i - a scroll of enchant weapon {unknown}
 m - a scroll of fear {unknown}
 n - a scroll of teleportation {unknown}
 o - a scroll of fog {unknown}
 s - 2 scrolls of magic mapping {unknown}
Potions
 r - a potion of flight {unknown}


   Skills:
 + Level 5.6 Fighting
 + Level 4.5 Maces & Flails
 + Level 5.5 Armour
 + Level 5.5 Shields


You had 6 spell levels left.
You didn't know any spells.
Your spell library contained the following spells:

 Spells                   Type           Power      Damage    Failure   Level
 Inner Flame              Hex/Fire       0%         N/A       100%        3
 Ozocubu's Armour         Ice            0%         N/A       100%        3
 Cause Fear               Hex            0%         N/A       100%        4
 Ozocubu's Refrigeration  Ice            0%         4d5       100%        7
 Discord                  Hex            0%         N/A       100%        8


Dungeon Overview and Level Annotations

Branches:
Dungeon (4/15)             Temple (0/1) D:4

Altars:
Dithmenos
Fedhas
Okawaru
Uskayaw

Shops:
D:1 (   D:4 [


Innate Abilities, Weirdness & Mutations

You are immune to sickness and miasma.
Your stone body is resilient. (AC +4)
You are immune to poison.
You resist negative energy. (rN+)
You are resistant to electric shocks. (rElec)
You are resistant to unholy torment.
You are immune to petrification.
You have a pair of small antennae on your head.
You have sharp fingernails.
You possess an exceptional clarity of mind.
Your muscles are strong. (Str +2)


Message History

The wight completely misses the wight.
You block the wight's attack.
Uskayaw will force your foes to helplessly watch your dance.
You hit the wight.
You destroy the wight!
The wight seems less confused.
You block the wight's attack.
You barely miss the wight. The wight barely misses you.
You hit the wight but do no damage. You block the wight's attack.
The wight hits you with a +3 scimitar.
You hit the wight but do no damage. The wight closely misses you.
The wight hits you but does no damage.
You hit the wight but do no damage.
The wight hits you from afar with a +5 halberd.
The wight hits you with a +3 scimitar.
* * * LOW HITPOINT WARNING * * *
The wight hits you from afar with a +5 halberd!
* * * LOW HITPOINT WARNING * * *
You hit the wight.
The wight is moderately damaged.
You block the wight's attack. x2
You stomp with the beat, sending a shockwave through the revellers around you!
The wight is severely damaged.
The wight closely misses you.
The wight hits you from afar with a +5 halberd.
* * * LOW HITPOINT WARNING * * *
Uskayaw will force your foes to helplessly watch your dance.
You barely miss the wight.
The wight is severely damaged.
You block the wight's attack. x2; The wight hits you with a +3 scimitar.
* * * LOW HITPOINT WARNING * * *
You hit the wight but do no damage.
The wight is severely damaged.
You block the wight's attack. x2
It was a potion of degeneration.
There was something very wrong with that liquid.
You feel weakened.
You feel dopey.
You feel clumsy.
You can no longer pass through a line of other dancers.
Okay, then.
It was a potion of cancellation.
You feel magically purged. The wight hits you with a +3 scimitar!
You die...

## ## ... ###.. .# #.
##.# #.... .# #. #.#
#.#..# .# #.# #.# ..
##.# .# #.###.# ## .##
.########.##..#### # .#
# ................. .#
#. #
.########.##..####..#.##
# # .## #.....zz@.......
#
..#######)##..####..#..#
. ................. .#
..##########....... ..
### ######## .. .. #


You could see 2 wights.

Vanquished Creatures
  Sigmund (D:4)
  A black bear (D:4)
  A necrophage (D:4)
  A wight (D:4)
  An orc priest (D:4)
  Terence (D:2)
  Natasha (thrice) (D:2)
  An orc wizard (D:4)
  4 gnolls (D:4)
  A howler monkey skeleton (D:3)
  9 adders
  3 worms
  3 dart slugs
  5 orcs
  8 ball pythons
  3 endoplasms (D:1)
  2 giant cockroaches (D:2)
  9 hobgoblins
  5 jackals
  4 kobolds
  A quokka (D:1)
  6 bats
  5 frilled lizards
  5 goblins
  5 rats
88 creatures vanquished.

Notes
Turn   | Place    | Note
-------+----------+-------------------------------------------
     0 | D:1      | Destapler the Gargoyle Fighter began the quest for the Orb.
     0 | D:1      | Reached XP level 1. HP: 14/14 MP: 1/1
    58 | D:1      | Found a faded altar of an unknown god.
    69 | D:1      | Became a worshipper of Uskayaw the Reveller
    69 | D:1      | Reached * piety under Uskayaw
   106 | D:1      | Reached ** piety under Uskayaw
   109 | D:1      | Reached XP level 2. HP: 11/19 MP: 2/2
   314 | D:1      | Found Xesekhai's Antique Weapon Shoppe.
   669 | D:1      | Reached XP level 3. HP: 18/23 MP: 3/3
  1346 | D:2      | Noticed Terence
  1356 | D:2      | Killed Terence
  1357 | D:2      | Reached XP level 4. HP: 24/29 MP: 4/4
  1583 | D:2      | Noticed Natasha
  1591 | D:2      | Killed Natasha
  1592 | D:2      | Reached XP level 5. HP: 10/33 MP: 1/5
  1891 | D:2      | Noticed Natasha
  1901 | D:2      | Killed Natasha
  2058 | D:2      | Noticed Natasha
  2072 | D:2      | Killed Natasha
  3081 | D:3      | Reached XP level 6. HP: 36/39 MP: 6/6
  3309 | D:4      | Found a staircase to the Ecumenical Temple.
  3369 | D:4      | Noticed a necrophage
  3382 | D:4      | Gained mutation: You have a pair of small antennae on your
                  | head. [potion of mutation]
  3382 | D:4      | Gained mutation: Your muscles are strong. (Str +2) [potion
                  | of mutation]
  3382 | D:4      | Gained mutation: You possess an exceptional clarity of
                  | mind. [potion of mutation]
  3382 | D:4      | Gained mutation: You have sharp fingernails. [potion of
                  | mutation]
  3389 | D:4      | Reached *** piety under Uskayaw
  3409 | D:4      | Reached **** piety under Uskayaw
  3414 | D:4      | Killed a necrophage
  3440 | D:4      | Found a blossoming altar of Fedhas.
  3440 | D:4      | Found a shadowy altar of Dithmenos.
  3493 | D:4      | Found Zippikuo's Antique Armour Boutique.
  3641 | D:4      | Found an iron altar of Okawaru.
  3696 | D:4      | Reached skill level 5 in Fighting
  3696 | D:4      | Reached skill level 5 in Armour
  3945 | D:4      | Noticed Sigmund
  3962 | D:4      | Killed Sigmund
  3963 | D:4      | Reached skill level 5 in Shields
  3963 | D:4      | Reached XP level 7. HP: 39/44 MP: 7/7
  4239 | D:4      | HP: 2/44 [wight (5)]
  4247 | D:4      | Slain by a wight

Illustrated notes

Levels and vault maps discovered:
D:1:      elethiomel_arrival_shortcut, layout_loops_ring,
          basic_ecumenical_altar, serial_shops, shop_fountains
D:2:      layout_rooms, columned_hall_lemuel, uniq_natasha, uniq_terence
D:3:      minmay_spotlight, layout_basic
D:4:      layout_loops_ring, okawaru_trees_2, amethyst_overflow_temple_binary,
          minmay_temple_entry_slanted, serial_shops, shop, uniq_sigmund

Skill      XL: |  1  2  3  4  5  6 |
---------------+-------------------+-----
Armour         | 4 5 |  5.5
Shields        | 4 5 |  5.5
Fighting       | 4 5 |  5.6
Maces & Flails | 3 4 |  4.5

Action                   |  1- 3 |  4- 6 |  7- 9 || total
-------------------------+-------+-------+-------++-------
Melee: Dagger            |    74 |   205 |       ||   279
       Flail             |     4 |       |       ||     4
       Whip              |       |    15 |    55 ||    70
Throw: Boomerang         |     6 |       |       ||     6
       Dart              |       |    11 |       ||    11
Invok: Stomp             |       |     1 |     1 ||     2
       Line Pass         |       |       |     2 ||     2
  Use: Potion            |     1 |     3 |     2 ||     6
 Stab: Paralysed         |       |     2 |     1 ||     3
       Confused          |       |       |     1 ||     1
Armor: Scale mail        |    26 |    67 |    33 ||   126
Dodge: Dodged            |    27 |    61 |    18 ||   106
Block: Kite shield       |    39 |   109 |    47 ||   195
